cohdb
Replays
Latest Replays
All Replays
Popular Replays
Top Player Replays
Match Explorer
How It Works
Community
CoH3 Stats
Reddit
Sign in to upload your games and track your stats! →
Sign in with Steam
Match 45932475
Unlisted
Match 45932475
Overview
Messages
Build Orders
End
Construct Barracks
Riflemen Squad
Riflemen Squad
Grenade Package
Riflemen Squad
Construct Weapon Support Center
M1919 Machine Gun Team
Riflemen Squad
M1919 Machine Gun Team
Selects Advanced Infantry Battlegroup
Selects Convert to Ranger Squad
Selects Frontline Medical Station
Scout Squad
Infantry Support Center
Advanced Logistics
Construct Motor Pool
Survival Training
M1918 Browning Automatic Rifles
Selects Ranger Weapon Training
M1 Anti-tank Gun Team
Frontline Medical Station
M1 Anti-tank Gun Team
Selects Ammunition Storage
Selects M2A1 105mm Howitzer Emplacement
Engineer Squad
Riflemen Squad
Riflemen Squad
whoas
PudinВеликий вождь
potatoo
Anzeigenhauptmeister
✠KREUZZUG✠
10bones88
0
0
Comments
sign in to comment!
No comments posted yet!